 Dungeon Crawl Stone Soup version 0.27-a0-1501-g9d6fb14e67 (webtiles) character file.

Game seed: 117506875212697195

19541 Lekart the Nimble (level 12, 0/104 HPs)
             Began as a Pale Draconian Chaos Knight on July 7, 2021.
             Was a Plaything of Xom.
             Slain by a freezing wraith (9 damage)
             ... in an ice cave on July 8, 2021.
             The game lasted 00:35:52 (11186 turns).

Lekart the Nimble (Pale Draconian Chaos Knight)    Turns: 11186, Time: 00:35:52

Health: 0/104      AC: 13    Str: 15    XL:     12   Next: 37%
Magic:  22/22      EV: 17    Int: 13    God:    Xom [.*....]
Gold:   2479       SH:  0    Dex: 15    Spells: 18/24 levels left

rFire    . . .     SeeInvis .   k - +3 spear (flame)
rCold    + . .     Faith    .   (no shield)
rNeg     + . .     Spirit   .   (armour unavailable)
rPois    .         Reflect  .   (helmet restricted)
rElec    .         Harm     .   m - +1 cloak
rCorr    .         Rampage  .   (no gloves)
Will     +....                  y - +2 pair of boots "Cimnot" {rC+}
Stlth    +.........             b - amulet of regeneration
HPRegen  1.27/turn              p - ring of willpower
MPRegen  0.18/turn              u - ring of positive energy

@: unable to read, cleaving, slowed, very slow
A: breathe steam, AC +8, unfitting armour, cold-blooded, steam resistance,
stinger 1, mutation resistance 1, screaming 2, inability to read while
threatened
a: Breathe Steam, Renounce Religion


You were in an ice cave.
You worshipped Xom.
You were a plaything of Xom.
You visited 3 branches of the dungeon, and saw 15 of its levels.
You also visited: Ice Cave.

You collected 3338 gold pieces.
You spent 859 gold pieces at shops.

Inventory:

Hand Weapons
 a - a +5 falchion of chaos
 k - a +3 spear of flaming (weapon)
Missiles
 c - 2 silver javelins
 d - 2 throwing nets
 l - 7 atropa-tipped darts (quivered)
Armour
 m - a +1 cloak (worn)
 x - a scarf of repulsion
 y - the +2 pair of boots "Cimnot" (worn) {rC+}
   (You bought it in a shop on level 10 of the Dungeon)

   rC:        It protects you from cold.
Jewellery
 b - an amulet of regeneration (around neck)
 o - a ring of fire
 p - a ring of willpower (left hand)
 u - a ring of positive energy (right hand)
Wands
 e - a wand of iceblast (6)
 h - a wand of flame (6)
 i - a wand of polymorph (9)
 w - a wand of charming (5)
Scrolls
 j - 2 scrolls of amnesia
 r - 3 scrolls of teleportation
 s - a scroll of fog
 t - 2 scrolls of blinking
 v - a scroll of fear
Potions
 n - 4 potions of curing


   Skills:
 + Level 9.0 Fighting
 + Level 8.0 Long Blades
 + Level 6.7 Polearms
 + Level 0.2 Throwing
 * Level 10.2 Dodging
 * Level 6.9 Spellcasting
 * Level 6.8 Transmutations
 * Level 6.7 Earth Magic
 + Level 2.2 Evocations


You had 18 spell levels left.
You knew the following spells:

 Your Spells              Type           Power      Damage    Failure   Level
a - Statue Form           Tmut/Erth      14%        N/A       82%         6

Your spell library contained the following spells:

 Spells                   Type           Power      Damage    Failure   Level
 Sting                    Tmut/Pois      52%        1d5       3%          1
 Spider Form              Tmut/Pois      6%         N/A       12%         3
 Animate Skeleton         Necr           8%         N/A       16%         1
 Apportation              Tloc           8%         N/A       16%         1
 Corona                   Hex            4%         N/A       16%         1
 Summon Small Mammal      Summ           16%        N/A       16%         1
 Ignite Poison            Fire/Tmut/Pois 10%        N/A       19%         3
 Corpse Rot               Necr/Air       N/A        N/A       24%         2
 Ensorcelled Hibernation  Hex/Ice        8%         N/A       24%         2
 Poisonous Vapours        Pois/Air       8%         N/A       24%         2
 Lee's Rapid Deconstruct  Erth           11%        3d9*      26%         5
 Ice Form                 Ice/Tmut       13%        N/A       36%         4
 Leda's Liquefaction      Hex/Erth       6%         N/A       36%         4
 Conjure Flame            Conj/Fire      4%         6-21      43%         3
 Gell's Gravitas          Tloc           2%         N/A       43%         3
 Teleport Other           Tloc           4%         N/A       43%         3
 Tukima's Dance           Hex            4%         N/A       43%         3
 Airstrike                Air            2%         N/A       83%         4
 Dispel Undead            Necr           4%         3d7       83%         4
 Fulminant Prism          Conj/Hex       2%         3d6       83%         4
 Hailstorm                Conj/Ice       4%         3d4       83%         4
 Iskenderun's Mystic Bla  Conj/Tloc      4%         2d3       83%         4
 Olgreb's Toxic Radiance  Pois           4%         N/A       83%         4
 Sticky Flame             Conj/Fire      4%         2d3       83%         4
 Summon Ice Beast         Ice/Summ       4%         N/A       83%         4
 Summon Lightning Spire   Summ/Air       4%         N/A       83%         4
 Bolt of Magma            Conj/Fire/Erth 5%         4d5       86%         5
 Fireball                 Conj/Fire      2%         3d4       99%         5
 Iskenderun's Battlesphe  Conj           4%         2d6       99%         5
 Lightning Bolt           Conj/Air       2%         1d13      99%         5
 Summon Mana Viper        Hex/Summ       4%         N/A       99%         5
 Conjure Ball Lightning   Conj/Air       2%         3x3d6     100%        6
 Death Channel            Necr           2%         N/A       100%        6
 Dispersal                Tloc           2%         N/A       100%        6
 Shadow Creatures         Summ           N/A        N/A       100%        6
 Simulacrum               Ice/Necr       2%         N/A       100%        6
 Monstrous Menagerie      Summ           2%         N/A       100%        7
 Orb of Destruction       Conj           2%         9d1       100%        7


Dungeon Overview and Level Annotations

Branches:
Dungeon (12/15)            Temple (1/1) D:5            Lair (2/6) D:11
    Orc (0/2) D:10          IceCv (1/1)
  Swamp: Lair:2-4    Shoals: Lair:2-4     Snake: Lair:2-4    Spider: Lair:2-4

Altars:
Ashenzari
Cheibriados
Dithmenos
Elyvilon
Fedhas
Gozag
Hepliaklqana
Kikubaaqudgha
Makhleb
Nemelex Xobeh
Okawaru
Qazlal
Ru
Sif Muna
Trog
Uskayaw
Vehumet
Wu Jian
Xom
Yredelemnul
Zin
The Shining One

Shops:
D:3 =   D:5 *   D:10 *[

Annotations:
D:11 exclusion: downstairs
Lair:1 1 runed translucent door IceCv exclusion: ice statue


Innate Abilities, Weirdness & Mutations

You can breathe blasts of scalding, opaque steam.
Your pale cyan-grey scales are hard. (AC +8)
You cannot fit into any form of body armour.
You are cold-blooded and may be slowed by cold attacks.
You are immune to the effects of steam.
Your tail ends in a poisonous barb.
You are somewhat resistant to further mutation.
You frequently scream uncontrollably at your foes.
You sometimes lose the ability to read scrolls when taking damage.


Message History

The freezing wraith completely misses you.
The freezing wraith hits you but does no damage.
You hit the freezing wraith but do no damage.
The freezing wraith is severely damaged.
The freezing wraith is engulfed in a cloud of scalding steam.
The freezing wraith barely misses you. x2
You barely miss the freezing wraith.
The freezing wraith is severely damaged.
The freezing wraith is engulfed in a cloud of scalding steam.
The freezing wraith misses you. x2
The freezing wraith is engulfed in a cloud of scalding steam.
The freezing wraith misses you.
The freezing wraith hits you but does no damage.
You closely miss the freezing wraith.
The freezing wraith is almost destroyed.
The freezing wraith closely misses you. x2
You barely miss the freezing wraith.
The freezing wraith is almost destroyed.
The freezing wraith hits you!
* * * LOW HITPOINT WARNING * * *
The freezing wraith freezes you. You resist.
* * * LOW HITPOINT WARNING * * *
The freezing wraith hits you but does no damage.
You barely miss the freezing wraith.
Your tail-slap misses the freezing wraith.
The freezing wraith is almost destroyed.
The freezing wraith hits you but does no damage.
The freezing wraith hits you.
* * * LOW HITPOINT WARNING * * *
You closely miss the freezing wraith.
Your tail-slap misses the freezing wraith.
The freezing wraith is almost destroyed.
You have got your breath back. "Let's try an experiment, hmmm?"
A monocle briefly appears over your left eye.
The freezing wraith hits you!
* * * LOW HITPOINT WARNING * * *
The freezing wraith freezes you! You resist.
You die...
Xom chuckles heartily!

###### #..#☼###
###.☼○☼..####
##°§.○°§°°°#§#
###..°☼....##§.#####
#§☼..§§☼#######.@WZ#
..§☼.#### #....#...#
#.#.## #.....##
#..### #####
#.....## .##.
....### #..### ...#
#..# .## #.### #.#
## ##


You could see a freezing wraith and a dire elephant simulacrum.

Vanquished Creatures
  Josephine (D:11)
  A boulder beetle (Lair:2)
  2 hydras (Lair:1)
  A two-headed ogre (D:11)
  A lindwurm (Lair:1)
  A manticore (D:11)
  An elephant (Lair:1)
  A black mamba (Lair:2)
  2 cane toads (Lair:1)
  4 kobold demonologists
  2 komodo dragons (Lair:1)
  An ice devil (IceCv)
  2 hornets
  Prince Ribbit (D:6)
  Grinder (D:5)
  3 slime creatures (D:11)
  3 blink frogs (Lair:1)
  Sigmund (D:4)
  A shadow (D:11)
  6 wraiths (D:11)
  A vampire (D:10)
  A wyvern (D:7)
  9 yaks
  2 basilisks
  2 vampire mosquitoes (D:11)
  A death yak simulacrum (IceCv)
  An acid dragon (D:5)
  5 water moccasins
  3 orc warriors
  2 black bears
  A necrophage (D:4)
  A hornet zombie (D:6)
  4 wolves
  2 centaurs (D:10)
  A kobold brigand (D:10)
  3 bullfrogs
  5 two-headed ogre simulacra (IceCv)
  A gnoll sergeant (D:7)
  A water moccasin zombie (D:6)
  A wyvern skeleton (D:6)
  2 water moccasin skeletons (D:6)
  An elephant simulacrum (IceCv)
  A killer bee (D:8)
  A wight (D:9)
  2 bullfrog zombies (D:6)
  9 centaur zombies
  3 orc priests
  2 bullfrog skeletons (D:6)
  A gnoll shaman (D:7)
  A jelly (D:5)
  A centaur skeleton (D:7)
  An iguana (D:5)
  5 orc wizards
  7 spriggan simulacra (IceCv)
  A polar bear simulacrum (IceCv)
  2 troll simulacra (IceCv)
  5 killer bee zombies
  A wolf simulacrum (IceCv)
  A hound skeleton (D:4)
  A howler monkey zombie (D:6)
  11 gnolls
  5 adders
  4 naga simulacra (IceCv)
  6 white imps (IceCv)
  10 ufetubi
  An adder skeleton (D:5)
  2 worms
  A dart slug (D:5)
  25 orcs
  5 endoplasms
  3 giant cockroaches
  7 goblins
  9 hobgoblins
  3 jackals (D:3)
  5 quokkas
  2 ball pythons (D:1)
  5 bats
  3 frilled lizards
  13 kobolds
  3 rats
254 creatures vanquished.

Vanquished Creatures (collateral kills)
  A fire dragon (D:11)
  2 two-headed ogres (D:11)
  A wyvern (D:11)
  Grum (D:8)
  A basilisk (D:11)
  Edmund (D:5)
  A black bear (D:5)
  An ogre (D:4)
  A wolf (D:8)
  A centaur (D:9)
  5 killer bees (D:8)
  3 wights (D:9)
  A hound (D:4)
  A bullfrog skeleton (D:6)
  An iguana (D:4)
  2 orc wizards
  A killer bee zombie (D:8)
  2 howler monkey zombies (D:6)
  4 gnolls
  An adder (D:5)
  5 orcs
  A kobold (D:10)
38 creatures vanquished.

Vanquished Creatures (others)
  A dancing weapon (D:11)
  7 fungi
  17 plants
  11 toadstools (Lair:1)
  A withered plant (D:6)
37 creatures vanquished.

Grand Total: 329 creatures vanquished

Notes
Turn   | Place    | Note
-------+----------+-------------------------------------------
     0 | D:1      | Lekart the Draconian Chaos Knight began the quest for the
                  | Orb.
     0 | D:1      | Reached XP level 1. HP: 19/19 MP: 1/1
   216 | D:1      | Reached XP level 2. HP: 26/26 MP: 2/2
   302 | D:1      | XOM: 6-stop teleportation journey
   316 | D:1      | XOM: silly message
   876 | D:2      | Reached XP level 3. HP: 33/33 MP: 4/4
  1478 | D:3      | Found an ancient bone altar of Kikubaaqudgha.
  1501 | D:3      | Reached skill level 1 in Spellcasting
  1518 | D:3      | Found Malakoq's Jewellery Shop.
  1808 | D:3      | XOM: silly message
  1925 | D:3      | Reached XP level 4. HP: 37/40 MP: 5/5
  2124 | D:4      | XOM: summons 4 friendly demons
  2245 | D:4      | Found a shadowy altar of Dithmenos.
  2610 | D:4      | Reached XP level 5. HP: 46/46 MP: 7/7
  2705 | D:4      | XOM: god gift: 14 gold pieces
  2791 | D:5      | Entered Level 5 of the Dungeon
  2791 | D:5      | Noticed a black bear
  2792 | D:5      | Found a staircase to the Ecumenical Temple.
  2792 | D:5      | Noticed Sigmund
  2794 | D:5      | Noticed an ogre
  2797 | D:5      | Noticed a necrophage
  2799 | D:5      | XOM: smoke on damage
  2800 | D:5      | XOM: noise
  2820 | D:5      | Noticed a water moccasin
  2822 | D:4      | XOM: potion effect (curing)
  2826 | D:4      | XOM: summons friendly ufetubus
  2836 | D:4      | Killed an ogre
  2837 | D:4      | Reached skill level 3 in Dodging
  2858 | D:4      | Killed a water moccasin
  2859 | D:4      | Reached XP level 6. HP: 49/53 MP: 9/9
  2878 | D:4      | Reached skill level 5 in Long Blades
  2884 | D:5      | XOM: confusion
  2894 | D:4      | Killed Sigmund
  2895 | D:4      | Your scales start taking on a pale cyan-grey colour.
  2895 | D:4      | Reached XP level 7. HP: 54/60 MP: 9/11
  2895 | D:4      | Gained mutation: You are immune to the effects of steam.
                  | [Pale Draconian growth]
  2916 | D:5      | Noticed Edmund
  2922 | D:5      | Killed Edmund
  2928 | D:5      | Reached skill level 5 in Fighting
  2951 | D:5      | You fall into a shaft and drop 2 floors!
  2961 | D:7      | Reached skill level 4 in Dodging
  2990 | D:7      | Found a bloodstained altar of Trog.
  2990 | D:7      | XOM: 6-stop teleportation journey
  3011 | D:7      | Learned a level 6 spell: Statue Form
  3017 | D:7      | XOM: give mutations
  3017 | D:7      | Gained mutation: Your muscles are strong. (Str +2) [Xom's
                  | grace]
  3017 | D:7      | Gained mutation: Your flesh is cold resistant. (rC+) [Xom's
                  | grace]
  3028 | D:7      | Noticed a wyvern
  3176 | D:5      | Found Jenaoj's Assorted Antiques.
  3189 | D:5      | Bought a scroll of enchant weapon for 210 gold pieces
  3191 | D:5      | Identified a scroll of acquirement
  3191 | D:5      | Acquired 1223 gold pieces
  3193 | D:5      | Bought a scroll labelled MADEOBLANA for 28 gold pieces
  3193 | D:5      | Bought a lead wand for 112 gold pieces
  3197 | D:5      | Bought a bubbling inky potion for 25 gold pieces
  3260 | D:5      | XOM: divination: magic mapping
  3325 | D:5      | XOM: noise
  3339 | D:5      | Noticed Grinder
  3351 | D:5      | Killed Grinder
  3352 | D:5      | Reached skill level 1 in Transmutations
  3352 | D:5      | Reached skill level 1 in Earth Magic
  3352 | D:5      | Reached XP level 8. HP: 58/68 MP: 11/13
  3414 | D:5      | XOM: give mutations
  3414 | D:5      | Gained mutation: You are somewhat resistant to further
                  | mutation. [Xom's grace]
  3414 | D:5      | Gained mutation: Your tail ends in a poisonous barb. [Xom's
                  | grace]
  3511 | Temple   | XOM: noise
  3511 | Temple   | Entered the Ecumenical Temple
  3565 | Temple   | XOM: god gift: 1165 gold pieces
  3750 | D:6      | XOM: cast spell 'Summon Hydra'
  3807 | D:6      | XOM: cloud trail
  3883 | D:6      | XOM: scenery: 1 doors close
  3937 | D:6      | XOM: cast spell 'Discord'
  3959 | D:6      | Reached skill level 5 in Dodging
  4012 | D:6      | Identified the +3 dagger of the Nine Violins {pain, rCorr}
  4012 | D:6      | XOM: give mutations
  4012 | D:6      | Gained mutation: You sometimes lose the ability to read
                  | scrolls when taking damage. [Xom's mischief]
  4012 | D:6      | Gained mutation: You occasionally shout uncontrollably at
                  | your foes. [Xom's mischief]
  4012 | D:6      | Gained mutation: You frequently scream uncontrollably at
                  | your foes. [Xom's mischief]
  4012 | D:6      | Gained mutation: Your body sometimes deteriorates upon
                  | taking damage. [Xom's mischief]
  4027 | D:6      | XOM: summons 5 hostile demons
  4028 | D:6      | Noticed a hellwing
  4094 | D:6      | XOM: 1-stop teleportation journey
  4110 | D:5      | XOM: polymorph iguana -> acid dragon
  4169 | D:6      | XOM: enchant monster (bad)
  4208 | D:6      | Noticed Prince Ribbit
  4209 | D:6      | XOM: torment (36/70 hp)
  4216 | D:6      | Killed Prince Ribbit
  4217 | D:6      | Reached XP level 9. HP: 45/75 MP: 15/15
  4425 | D:6      | XOM: summons 3 hostile shadow creatures
  4723 | D:7      | Reached skill level 6 in Dodging
  4762 | D:7      | XOM: god gift: 2 silver javelins
  4920 | D:7      | XOM: scenery: summon butterflies
  4922 | D:7      | XOM: scenery: create altars
  5093 | D:7      | Found a radiant altar of Vehumet.
  5278 | D:8      | Found a blossoming altar of Fedhas.
  5356 | D:8      | Found an ornate altar of the Wu Jian Council.
  5431 | D:8      | Noticed Grum
  5439 | D:8      | XOM: butterfly on damage
  5446 | D:8      | Killed Grum
  5582 | D:8      | XOM: scenery: 1 doors open
  5636 | D:8      | XOM: confuse monster(s)
  5641 | D:8      | Reached skill level 1 in Polearms
  5993 | D:9      | XOM: 1-stop teleportation journey
  6003 | D:9      | XOM: summons friendly quasit
  6005 | D:9      | XOM: fake destruction
  6160 | D:9      | XOM: summons 9 friendly demons
  6253 | D:9      | Reached XP level 10. HP: 84/84 MP: 17/17
  6290 | D:9      | XOM: cast spell 'Dispersal'
  6383 | D:10     | Entered Level 10 of the Dungeon
  6431 | D:10     | XOM: scenery: summon butterflies
  6559 | D:10     | XOM: cast spell 'Leda's Liquefaction'
  6565 | D:10     | Reached skill level 5 in Spellcasting
  6568 | D:10     | XOM: scenery: summon butterflies
  6683 | D:10     | XOM: cast spell 'Call Canine Familiar'
  6808 | D:10     | Found Saeh's Armour Emporium.
  6817 | D:10     | XOM: cleaving
  6824 | D:10     | XOM: summons friendly quasit
  6830 | D:10     | Reached skill level 7 in Dodging
  6842 | D:10     | XOM: confuse monster(s)
  6878 | D:10     | Found a staircase to the Orcish Mines.
  6891 | D:10     | XOM: summons 4 hostile shadow creatures
  7165 | D:10     | Found Seof's Serpentskin Sales.
  7183 | D:10     | Bought the +2 pair of boots "Cimnot" {rC+} for 484 gold
                  | pieces
  7328 | D:11     | Noticed a two-headed ogre
  7331 | D:11     | Found a staircase to the Lair.
  7338 | D:11     | Killed a two-headed ogre
  7339 | D:11     | Reached skill level 5 in Earth Magic
  7392 | D:11     | Noticed a two-headed ogre
  7402 | D:11     | Killed a two-headed ogre
  7403 | D:11     | Reached skill level 8 in Dodging
  7403 | D:11     | Reached skill level 5 in Transmutations
  7609 | D:11     | Reached XP level 11. HP: 72/92 MP: 19/19
  7820 | D:11     | XOM: summons 5 hostile demons
  7884 | D:11     | Noticed a two-headed ogre
  7893 | D:11     | XOM: summons friendly quasit
  7896 | D:11     | Killed a two-headed ogre
  7899 | D:11     | XOM: polymorph quasit -> crimson imp
  7902 | D:11     | XOM: potion effect (heal wounds)
  7906 | D:11     | XOM: potion effect (curing)
  8089 | D:11     | XOM: noise
  8089 | D:11     | Noticed Josephine
  8092 | D:11     | XOM: divination: magic mapping
  8104 | D:11     | Reached skill level 5 in Polearms
  8104 | D:11     | Killed Josephine
  8105 | D:11     | Reached skill level 1 in Evocations
  8222 | D:11     | XOM: silly message
  8224 | D:11     | XOM: smoke on damage
  8276 | D:12     | Reached skill level 9 in Dodging
  8285 | D:11     | XOM: noise
  8294 | D:12     | XOM: noise
  8296 | D:12     | Noticed a sun demon
  8306 | D:11     | XOM: potion effect (haste)
  8328 | D:11     | XOM: cast spell 'Summon Small Mammal'
  8340 | D:11     | XOM: divination: detect items
  8459 | D:11     | XOM: confuse monster(s)
  8489 | D:11     | XOM: silly message
  8519 | D:11     | Noticed a fire dragon
  8519 | D:11     | a slime creature changed into a fire dragon
  8519 | D:11     | XOM: polymorph slime creature -> fire dragon
  8526 | D:11     | Killed a fire dragon
  8581 | D:11     | XOM: silly message
  8606 | D:12     | XOM: enchant monster (good)
  8616 | D:12     | Noticed a centaur warrior
  8639 | Lair:1   | Entered Level 1 of the Lair of Beasts
  8662 | Lair:1   | XOM: summons friendly ufetubus
  9097 | Lair:1   | Noticed a boulder beetle
  9122 | Lair:1   | XOM: confuse monster(s)
  9190 | Lair:1   | XOM: 1-stop teleportation journey
  9194 | Lair:1   | Noticed a five-headed hydra
  9203 | Lair:1   | Killed a five-headed hydra
  9226 | Lair:1   | XOM: confuse monster(s)
  9244 | Lair:1   | Noticed a lindwurm
  9244 | Lair:1   | a boulder beetle changed into a lindwurm
  9244 | Lair:1   | XOM: polymorph boulder beetle -> lindwurm
  9261 | Lair:1   | XOM: potion effect (heal wounds)
  9279 | Lair:1   | Killed a lindwurm
  9280 | Lair:1   | Reached XP level 12. HP: 26/103 MP: 21/21
  9344 | Lair:1   | Noticed a catoblepas
  9419 | Lair:1   | XOM: noise
  9433 | Lair:1   | XOM: potion effect (heal wounds)
  9435 | Lair:1   | XOM: confusion (+ monsters)
  9564 | Lair:1   | XOM: summons 4 hostile demons
  9668 | Lair:1   | XOM: summons 4 hostile shadow creatures
  9669 | Lair:1   | Noticed a six-headed hydra
  9744 | D:11     | XOM: summons 4 hostile shadow creatures
  9745 | D:11     | Noticed a boulder beetle
  9851 | Lair:1   | Found a runed translucent door.
  9898 | Lair:2   | Noticed a four-headed hydra
  9908 | Lair:1   | Killed a four-headed hydra
 10014 | Lair:2   | Noticed a boulder beetle
 10042 | Lair:2   | XOM: swap monsters
 10053 | Lair:2   | Killed a boulder beetle
 10054 | Lair:2   | Reached skill level 10 in Dodging
 10061 | Lair:2   | XOM: divination: detect creatures
 10098 | Lair:2   | XOM: noise
 10137 | Lair:2   | Lost mutation: Your flesh is cold resistant. (rC+) [potion
                  | of mutation]
 10137 | Lair:2   | Lost mutation: Your body sometimes deteriorates upon taking
                  | damage. [potion of mutation]
 10137 | Lair:2   | Lost mutation: Your muscles are strong. (Str +2) [potion of
                  | mutation]
 10142 | Lair:2   | Found a frozen archway.
 10142 | Lair:2   | XOM: 7-stop teleportation journey
 10148 | Lair:2   | XOM: silly message
 10155 | IceCv    | Entered an ice cave
 10171 | IceCv    | XOM: silly message
 10423 | IceCv    | XOM: noise
 10470 | IceCv    | XOM: 7-stop teleportation journey
 10986 | IceCv    | XOM: confusion (+ monsters)
 11154 | IceCv    | XOM: summons 1 hostile demon
 11179 | IceCv    | XOM: cleaving
 11186 | IceCv    | XOM: silly message
 11186 | IceCv    | Slain by a freezing wraith

Illustrated notes

Levels and vault maps discovered:
D:1:      minmay_arrival_cross, layout_basic, serial_glass, glass_columns_b,
          glass_columns_a
D:2:      layout_loops_cross
D:3:      layout_loops_ring, nicolae_overflow_hidden_temple, serial_shops, shop,
          kennysheep_big_empty_room
D:4:      layout_loops_cross, nicolae_dithmenos_the_darkroom,
          serial_bayou_crossing
D:5:      minmay_spotlight, layout_rooms, minmay_temple_entry_crystal_x,
          serial_shops, nicolae_stop_n_shop_1, uniq_sigmund, uniq_edmund,
          uniq_grinder
D:6:      layout_gridville, serial_undead, serial_undead_e, serial_undead_d,
          serial_undead_a, serial_undead_b, serial_undead_e, serial_undead_a,
          uniq_prince_ribbit1
D:7:      layout_rooms, lemuel_coloured_pillars_altar,
          nicolae_overflow_crystal_walls
D:8:      layout_basic, mainiacjoe_overflow_alcove_1,
          nicolae_wu_jian_wuxing_cycle, hellmonk_bongcloud_opening, uniq_grum
D:9:      layout_rooms
D:10:     layout_rooms, orc_david_3, grunt_decor_mini_mirrors, minivault_19,
          guppyfry_shop_venom
D:11:     layout_roguey, david_lair_generic, kennysheep_generic_room_11,
          uniq_josephine
D:12:     layout_loops_cross
Temple:   eino_temple_scatter_basement
Lair:1:   gammafunk_lair_enchanted_lake, layout_misc_corridors
Lair:2:   nzn_winding_woodlands_medium [nzn_winding_woodlands_5x5_open_star,
          nzn_winding_woodlands_5x15_pockets, nzn_winding_woodlands_hourglass,
          nzn_winding_woodlands_5x5_three, nzn_winding_woodlands_center_garden,
          nzn_winding_woodlands_5x5_cross,
          nzn_winding_woodlands_5x5_closed_star,
          nzn_winding_woodlands_5x15_river_crossing,
          nzn_winding_woodlands_5x5_default], layout_regular_city,
          portal_ice_cave_entry_pillars_1, nzn_sisyphean_effort,
          minmay_lair_oklob_chamber
IceCv:    ice_cave_caverns_01

Skill      XL: |  1  2  3  4  5  6  7  8  9 10 11 12 |
---------------+-------------------------------------+-----
Spellcasting   | 1 2 3 4 5 6 |  6.9
Fighting       | 4 5 6 7 8 9 |  9.0
Long Blades    | 4 5 6 7 8 |  8.0
Dodging        | 3 4 5 6 8 9 10 | 10.2
Transmutations | 1 2 3 5 6 |  6.8
Earth Magic    | 1 2 4 5 6 |  6.7
Polearms       | 2 4 6 |  6.7
Evocations     | 1 2 |  2.2
Throwing       | |  0.2

Action                   |  1- 3 |  4- 6 |  7- 9 | 10-12 || total
-------------------------+-------+-------+-------+-------++-------
Melee: Falchion          |   113 |    89 |   186 |    44 ||   432
       Tailslap          |     8 |    15 |    56 |   122 ||   201
       Spear             |       |       |    91 |   672 ||   763
Throw: Dart              |       |       |     4 |       ||     4
 Abil: Breathe Steam     |       |       |     9 |    40 ||    49
Evoke: Wand              |       |       |     6 |    29 ||    35
  Use: Potion            |     3 |     3 |     4 |     7 ||    17
       Scroll            |     2 |     5 |    10 |     7 ||    24
 Stab: Petrified         |     2 |       |       |       ||     2
       Sleeping          |     3 |       |     2 |     1 ||     6
       Paralysed         |     2 |       |     6 |       ||     8
       Confused          |       |       |     1 |     4 ||     5
       Distracted        |       |       |       |     1 ||     1
Armor: Skin              |    33 |    45 |   153 |   298 ||   529
Dodge: Dodged            |    73 |    84 |   297 |   661 ||  1115
       Rpst.: Falchion   |    21 |    26 |    62 |     7 ||   116

Table legend: (Time is in decaauts)
 A = Elapsed time spent in this place.
 B = Non-inter-level travel time spent in this place.
 C = Inter-level travel time spent in this place.
 D = Time resting spent in this place.
 E = Time spent auto-exploring this place.
 F = Levels seen in this place.
 G = Mean time per level.
                   A        B        C        D        E       F      G
               +--------+--------+--------+--------+--------+-----+--------+
         Total |  11196 |  10814 |    382 |   1652 |   6119 |  16 |  699.8 |
       Dungeon |   8539 |   8218 |    321 |    893 |   5301 |  12 |  711.6 |
        Temple |    186 |    173 |     13 |      0 |    171 |   1 |  186.0 |
          Lair |   1474 |   1426 |     48 |    221 |    608 |   2 |  737.0 |
      Ice Cave |    996 |    996 |      0 |    538 |     38 |   1 |  996.0 |
               +--------+--------+--------+--------+--------+-----+--------+

Top non-repeatable levels by time:
    D:11: 1358 daAuts
  Lair:1: 1235 daAuts
   IceCv: 996 daAuts
    D:10: 891 daAuts
     D:8: 852 daAuts
     D:6: 815 daAuts
     D:4: 802 daAuts
     D:1: 790 daAuts
     D:5: 700 daAuts
     D:3: 670 daAuts
     D:2: 647 daAuts
     D:7: 549 daAuts
     D:9: 426 daAuts
  Lair:2: 239 daAuts
  Temple: 186 daAuts
